 Dungeon Crawl Stone Soup version 0.28-a0-1638-g9123634e07 (webtiles) character file.

Game seed: 16449141740649032266

10785 Ajdolov the Bludgeoner (level 11, -16/91 HPs)
             Began as a Minotaur Fighter on Jan 25, 2022.
             Was a Priest of the Shining One.
             Demolished by an orc knight (17 damage)
             ... in a bailey.
             The game lasted 00:25:18 (11458 turns).

Ajdolov the Bludgeoner (Minotaur Fighter)          Turns: 11458, Time: 00:25:19

Health: -16/91     AC: 14    Str: 24    XL:     11   Next: 40%
Magic:  16/16      EV:  9    Int:  5    God:    the Shining One [***...]
Gold:   620        SH: 11    Dex: 11    Spells: 10/10 levels left

rFire   . . .      SeeInvis .   N - +3 flail (freeze)
rCold   . . .      Faith    .   a - +0 kite shield
rNeg    + . .      Spirit   .   O - +0 swamp dragon scales
rPois   +          Reflect  .   i - +1 hat
rElec   .          Harm     .   P - +0 cloak
rCorr   .          Rampage  .   (no gloves)
Will    .....                   (no boots)
Stlth   ..........              (no amulet)
HPRegen 0.25/turn               K - +4 ring of protection
MPRegen 0.15/turn               H - ring "Ciusyddu" {rPois Slay+4}

@: hasted, glowing, very quick
A: horns 2, retaliatory headbutt
a: Renounce Religion, Divine Shield, Cleansing Flame


You were in a bailey.
You worshipped the Shining One.
The Shining One was most pleased with you.
You visited 2 branches of the dungeon, and saw 11 of its levels.
You also visited: Sewer and Bailey.

You collected 620 gold pieces.

Inventory:

Hand Weapons
 x - a +0 morningstar
 J - a +2 whip of freezing
 N - a +3 flail of freezing (weapon)
Armour
 a - a +0 kite shield (worn)
 i - a +1 hat (worn)
 O - +0 swamp dragon scales (worn)
 P - a +0 cloak (worn)
 S - a +0 plate armour
Jewellery
 c - a ring of willpower
 y - a ring of protection from fire
 D - an amulet of faith
 H - the ring "Ciusyddu" (right hand) {rPois Slay+4}
   (You found it on level 5 of the Dungeon)

   [ring of slaying]

   Slay:      It affects your accuracy & damage with ranged weapons and melee
   (+4).
   rPois:     It protects you from poison.
 I - a +6 ring of strength
 K - a +4 ring of protection (left hand)
 L - a ring of protection from cold
 W - an amulet of reflection
Wands
 b - a wand of iceblast (19)
 w - a wand of flame (15)
 A - a wand of polymorph (14)
 M - a wand of paralysis (2)
 U - a wand of digging (5)
Scrolls
 f - 3 scrolls of teleportation {unknown}
 h - 4 scrolls of blinking
 k - 5 scrolls of noise {unknown}
 n - 6 scrolls of identify {unknown}
 p - 2 scrolls of acquirement {unknown}
 q - 4 scrolls of enchant weapon {unknown}
 r - a scroll of vulnerability {unknown}
 s - 2 scrolls of fog {unknown}
 t - 2 scrolls of silence {unknown}
 v - a scroll of amnesia {unknown}
 z - a scroll of magic mapping {unknown}
 Q - a scroll of holy word {unknown}
 T - a scroll of torment {unknown}
Potions
 d - 3 potions of might
 e - 2 potions of heal wounds {unknown}
 g - 4 potions of attraction {unknown}
 j - a potion of flight {unknown}
 l - 3 potions of curing {unknown}
 m - 2 potions of degeneration {unknown}
 o - a potion of mutation {unknown}
 u - 2 potions of berserk rage {unknown}
 B - 2 potions of resistance {unknown}
 E - 2 potions of haste
 F - a potion of magic {unknown}
 G - a potion of brilliance {unknown}
 R - a potion of lignification {unknown}
 V - a potion of invisibility {unknown}
Miscellaneous
 C - a lightning rod (4/4)


   Skills:
 + Level 6.7 Fighting
 * Level 15.4 Maces & Flails
 - Level 3.6 Armour
 + Level 10.5 Shields
 + Level 8.4 Invocations


You had 10 spell levels left.
You didn't know any spells.
Your spell library contained the following spells:

 Spells                   Type           Power      Damage    Failure   Level
 Summon Small Mammal      Summ           0%         N/A       87%         1
 Call Canine Familiar     Summ           0%         N/A       99%         3
 Summon Guardian Golem    Hex/Summ       0%         N/A       99%         3
 Airstrike                Air            0%         N/A       100%        4
 Summon Lightning Spire   Summ/Air       0%         N/A       100%        4
 Lightning Bolt           Conj/Air       0%         1d11      100%        5
 Conjure Ball Lightning   Conj/Air       0%         3x3d6     100%        6
 Orb of Destruction       Conj           0%         9d5       100%        7
 Spellforged Servitor     Conj/Summ      0%         N/A       100%        7
 Discord                  Hex            0%         N/A       100%        8
 Disjunction              Tloc           0%         N/A       100%        8


Dungeon Overview and Level Annotations

Branches:
Dungeon (10/15)            Temple (1/1) D:4            Lair (0/6) D:10
    Orc (0/2) D:10          Sewer (visited)          Bailey (1/1)

Altars:
Ashenzari
Cheibriados
Dithmenos
Elyvilon
Fedhas
Gozag
Hepliaklqana
Kikubaaqudgha
Makhleb
Nemelex Xobeh
Okawaru
Qazlal
Ru
Sif Muna
Trog
Uskayaw
Vehumet
Wu Jian
Xom
Yredelemnul
Zin
The Shining One

Shops:
D:9 ((


Innate Abilities, Weirdness & Mutations

You have a pair of horns on your head.
You reflexively headbutt those who attack you in melee.


Message History

You headbutt the orc high priest, but do no damage.
The orc high priest is moderately wounded.
The orc knight hits you with a +0 war axe!
You barely miss the orc high priest.
The orc high priest is moderately wounded.
The orc sorcerer mumbles some strange words.
You feel troubled.
You hit the orc high priest but do no damage.
The orc high priest is moderately wounded.
You block the orc knight's attack. The orc high priest barely misses you.
The orc sorcerer hits you with a +0 war axe.
You barely miss the orc high priest. You headbutt the orc high priest.
The orc high priest is moderately wounded.
You block the orc knight's attack.
The orc high priest utters an invocation to Beogh.
The orc sorcerer shouts, "You can't withstand my power!"
You block the orc sorcerer's attack.
You sock the orc high priest! You freeze the orc high priest.
Your headbutt misses the orc high priest.
The orc high priest is heavily wounded.
The orc knight hits you with a +0 war axe!
The orc high priest hits you with a +0 broad axe.
The orc sorcerer casts a spell at you. The bolt of fire hits you.
You hit the orc high priest. You freeze the orc high priest.
You headbutt the orc high priest!
The orc high priest is almost dead.
You block the chaos spawn's attack.
The orc high priest hits you with a +0 broad axe!!
The orc knight hits you with a +0 war axe!
* * * LOW HITPOINT WARNING * * *
The orc sorcerer points at you and mumbles some strange words.
The bolt of fire hits you.
* * * LOW HITPOINT WARNING * * *
It was a potion of haste.
You feel yourself speed up. The chaos spawn barely misses you.
The orc high priest hits you with a +0 broad axe!
* * * LOW HITPOINT WARNING * * *
The orc knight hits you with a +0 war axe!
You die...

≈ #.......# ≈# #.8.8.8 ..#≈≈≈≈≈#
≈######...# ####.#≈≈≈≈≈#
≈≈.#...)..# ..#.≈≈≈≈≈≈#
≈≈.#...)..#. .#.≈≈≈≈≈≈#
≈≈.#''#####.. #.≈≈≈≈≈≈#
≈≈.#.....##... #########.≈≈≈≈≈≈#
...).....##....#o48.8..#.≈≈≈≈≈≈#
...)..⌠..##.._.o@......)∩≈≈≈≈≈≈#
..)).....##....#o.8.8..#.≈≈≈≈≈≈#
≈≈.#.....##... #########.≈≈≈≈≈≈#
≈≈.#''#####.. #..#)≈≈≈≈≈≈#
≈≈.#......#. #))#.≈≈≈≈≈≈#
≈≈.#...)).# +))#.≈≈≈≈≈≈#
≈######)).##############.#≈≈≈≈≈#
≈# #.8.8.8.))....#....#≈≈≈≈≈# ≈
#.......#)....'....#≈≈≈≈≈#


You could see an orc knight, an orc high priest (strong), a chaos spawn
(summoned) and an orc sorcerer (strong).

Vanquished Creatures
  4 two-headed ogres
  Pikel (D:7)
  2 orc knights (Bailey)
  Maurice (D:9)
  Joseph (D:7)
  Maggie (D:7)
  A troll (D:9)
  A shadow (D:8)
  2 steam dragons
  2 vampire mosquitoes
  2 wargs
  2 water moccasins
  A sky beast (D:7)
  2 ice beasts (D:8)
  6 orc warriors
  A black bear (D:7)
  A necrophage (D:5)
  2 ogres
  4 centaurs
  2 lemures (D:7)
  3 kobold brigands
  2 gnoll sergeants
  4 bullfrogs
  A wyvern zombie (D:7)
  A scorpion (D:3)
  A water moccasin skeleton (D:6)
  17 killer bees
  14 wights
  7 howler monkeys
  An electric eel (Bailey)
  4 hounds
  A centaur zombie (D:5)
  A jelly (D:5)
  4 orc priests
  2 bullfrog zombies (D:6)
  A centaur skeleton (D:7)
  A bullfrog skeleton (D:6)
  A gnoll shaman (D:4)
  Jessica (D:3)
  An iguana (D:6)
  Ijyb (D:4)
  5 orc wizards
  Terence (D:2)
  A hound skeleton (D:4)
  10 gnolls
  8 adders
  3 shadow imps
  2 white imps
  An adder skeleton (D:4)
  A worm (D:1)
  3 dart slugs
  30 orcs
  11 ball pythons
  11 endoplasms
  16 giant cockroaches
  11 goblins
  16 hobgoblins
  5 jackals
  22 kobolds
  13 quokkas
  9 bats
  7 frilled lizards
  7 rats
301 creatures vanquished.

Notes
Turn   | Place    | Note
-------+----------+-------------------------------------------
     0 | D:1      | Ajdolov the Minotaur Fighter began the quest for the Orb.
     0 | D:1      | Reached XP level 1. HP: 19/19 MP: 0/0
     2 | D:1      | Found a runed translucent door.
    23 | D:1      | Reached skill level 3 in Maces & Flails
    26 | D:1      | Reached XP level 2. HP: 25/27 MP: 1/1
   439 | D:1      | Reached XP level 3. HP: 33/33 MP: 2/2
   447 | D:1      | Found a faded altar of an unknown god.
   620 | D:1      | Reached skill level 4 in Maces & Flails
   942 | D:2      | Reached XP level 4. HP: 39/41 MP: 3/3
  1153 | D:2      | Noticed Terence
  1167 | D:2      | Killed Terence
  1168 | D:2      | Reached skill level 5 in Maces & Flails
  1377 | D:2      | Reached XP level 5. HP: 34/47 MP: 4/4
  1561 | D:3      | Identified the +6 hand axe of Big Damage {drain, rPois rC++
                  | Will+ Dex-3}
  1619 | D:3      | Reached skill level 5 in Fighting
  1631 | D:3      | Noticed Jessica
  1644 | D:3      | Killed Jessica
  2039 | D:3      | Reached skill level 6 in Maces & Flails
  2410 | D:4      | Reached XP level 6. HP: 32/56 MP: 5/5
  2625 | D:4      | Found a staircase to the Ecumenical Temple.
  2635 | Temple   | Entered the Ecumenical Temple
  3208 | Temple   | Became a worshipper of Elyvilon the Healer
  3398 | D:4      | Reached skill level 1 in Invocations
  3602 | D:4      | Reached skill level 7 in Maces & Flails
  4036 | D:4      | Noticed Ijyb
  4044 | D:4      | Killed Ijyb
  4126 | D:4      | Reached XP level 7. HP: 53/61 MP: 7/7
  4475 | D:5      | Entered Level 5 of the Dungeon
  4585 | D:5      | Reached * piety under Elyvilon
  4585 | D:5      | Found a glowing drain.
  4596 | Sewer    | Entered a sewer
  5009 | Sewer    | Reached skill level 8 in Maces & Flails
  5020 | Sewer    | Reached skill level 5 in Shields
  5204 | D:5      | Found a glowing golden altar of the Shining One.
  5210 | D:5      | Fell from the grace of Elyvilon
  5210 | D:5      | Became a worshipper of the Shining One
  5422 | D:5      | Identified the ring "Ciusyddu" {rPois Slay+4}
  5592 | D:6      | Noticed Pikel
  5940 | D:7      | Killed Pikel
  5941 | D:7      | Reached skill level 9 in Maces & Flails
  5941 | D:7      | Reached XP level 8. HP: 34/69 MP: 9/9
  6187 | D:7      | Noticed a cyclops
  6303 | D:6      | Reached skill level 10 in Maces & Flails
  6380 | D:6      | Reached * piety under the Shining One
  6852 | D:6      | Reached XP level 9. HP: 74/74 MP: 11/11
  6902 | D:6      | Reached skill level 11 in Maces & Flails
  6902 | D:6      | Reached skill level 5 in Invocations
  7578 | D:7      | Noticed a two-headed ogre
  7586 | D:7      | Killed a two-headed ogre
  7587 | D:7      | Reached skill level 12 in Maces & Flails
  7677 | D:7      | Reached ** piety under the Shining One
  7979 | D:7      | Identified the +3 whip "Qibrogan" {vorpal, Drain rPois
                  | rCorr Int-5}
  8165 | D:7      | Noticed Maggie
  8184 | D:7      | Killed Maggie
  8185 | D:7      | Reached XP level 10. HP: 44/81 MP: 13/13
  8435 | D:7      | Noticed Joseph
  8443 | D:7      | Killed Joseph
  8444 | D:7      | Reached skill level 13 in Maces & Flails
  9645 | D:9      | Found Wibobuth's Weapon Emporium.
  9653 | D:9      | Noticed Maurice
  9653 | D:9      | Noticed a two-headed ogre
  9668 | D:8      | Killed a two-headed ogre
  9669 | D:8      | Reached skill level 14 in Maces & Flails
  9757 | D:9      | Killed Maurice
  9836 | D:9      | Reached *** piety under the Shining One
  9963 | D:9      | Noticed a two-headed ogre
  9975 | D:9      | Killed a two-headed ogre
  9976 | D:9      | Reached XP level 11. HP: 80/89 MP: 15/15
  9993 | D:9      | Reached skill level 10 in Shields
 10146 | D:9      | Found Sunta's Weapon Shop.
 10394 | D:10     | Entered Level 10 of the Dungeon
 10395 | D:10     | Noticed a two-headed ogre
 10411 | D:9      | Killed a two-headed ogre
 10412 | D:9      | Reached skill level 15 in Maces & Flails
 10726 | D:10     | Found a staircase to the Lair.
 10817 | D:10     | Found a staircase to the Orcish Mines.
 10921 | D:10     | Found a flagged portal.
 10939 | Bailey   | Entered a bailey
 10953 | Bailey   | Noticed an orc knight
 10960 | Bailey   | Killed an orc knight
 10996 | Bailey   | Noticed an orc knight
 11011 | Bailey   | Killed an orc knight
 11447 | Bailey   | Found an iron altar of Okawaru.
 11447 | Bailey   | Noticed an orc high priest
 11447 | Bailey   | Noticed an orc knight
 11447 | Bailey   | Noticed an orc sorcerer
 11458 | Bailey   | HP: 1/91 [orc high priest (14)]
 11458 | Bailey   | Demolished by an orc knight

Illustrated notes

Levels and vault maps discovered:
D:1:      dpeg_arrival_caged_fury, layout_basic,
          ebering_ecumenical_altar_petrified, hangedman_decor_clover_reticule
D:2:      minmay_evil_eye, layout_rooms, minmay_ruptured, uniq_terence
D:3:      layout_rooms, uniq_jessica
D:4:      layout_loops_ring, minmay_temple_entry_steel_oval, uniq_ijyb
D:5:      layout_rooms, nicolae_tso_swordbearing_angel, portal_sewer_entry_f
D:6:      layout_gridville, uniq_pikel
D:7:      minmay_opposing_rooms, layout_basic, uniq_maggie, uniq_joseph
D:8:      layout_basic, grunt_ministairs_2
D:9:      layout_cave_pools, serial_shops, nicolae_shop_behind_doors, shop,
          uniq_maurice
D:10:     minmay_the_grid_triangle_9x9_rhombus_thin_mashed
          [minmay_the_grid_triangle_9x9_shrine,
          minmay_the_grid_triangle_9x9_prize_special,
          minmay_the_grid_triangle_9x9_swiss_cheese,
          minmay_the_grid_triangle_9x9_corruption], layout_layer_cave,
          erik_lair_orcish_takeover, enter_bailey_6, minivault_11, uniq_erolcha
Temple:   mainiacjoe_temple_starburst
Bailey:   bailey_axe_of_yendor_kennysheep, bailey

Skill      XL: |  1  2  3  4  5  6  7  8  9 10 11 |
---------------+----------------------------------+-----
Maces & Flails | 3 4 5 6 7 9 10 12 14 15 | 15.4
Fighting       | 4 5 6 |  6.7
Shields        | 4 6 7 8 9 10 | 10.5
Invocations    | 1 3 4 6 7 8 |  8.4
Armour         | |  3.6

Action                   |  1- 3 |  4- 6 |  7- 9 | 10-12 || total
-------------------------+-------+-------+-------+-------++-------
Melee: Flail             |    36 |       |    35 |   248 ||   319
       Headbutt          |    17 |    30 |    68 |    64 ||   179
       Whip              |    51 |   226 |   317 |       ||   594
Throw: Throwing net      |       |       |     2 |       ||     2
Invok: Divine Shield     |       |       |       |     1 ||     1
  Use: Potion            |       |       |       |     1 ||     1
Armor: Scale mail        |    30 |    46 |       |       ||    76
       Chain mail        |       |    24 |   149 |       ||   173
       Swamp dragon scal |       |       |       |    54 ||    54
Dodge: Dodged            |    42 |    64 |   112 |    81 ||   299
Block: Buckler           |    18 |    55 |    65 |       ||   138
       Kite shield       |       |       |     4 |   103 ||   107

Table legend: (Time is in decaauts)
 A = Elapsed time spent in this place.
 B = Non-inter-level travel time spent in this place.
 C = Inter-level travel time spent in this place.
 D = Time resting spent in this place.
 E = Time spent auto-exploring this place.
 F = Levels seen in this place.
 G = Mean time per level.
                   A        B        C        D        E       F      G
               +--------+--------+--------+--------+--------+-----+--------+
         Total |  11372 |  11119 |    253 |   1715 |   7322 |  13 |  874.8 |
       Dungeon |   9703 |   9550 |    153 |   1411 |   6373 |  10 |  970.3 |
        Temple |    625 |    525 |    100 |      0 |    517 |   1 |  625.0 |
         Sewer |    534 |    534 |      0 |      0 |    343 |   1 |  534.0 |
        Bailey |    509 |    509 |      0 |    304 |     88 |   1 |  509.0 |
               +--------+--------+--------+--------+--------+-----+--------+

Top non-repeatable levels by time:
     D:7: 2230 daAuts
     D:3: 1283 daAuts
     D:8: 1101 daAuts
     D:4: 1082 daAuts
     D:9: 976 daAuts
     D:6: 777 daAuts
     D:2: 776 daAuts
     D:1: 695 daAuts
  Temple: 625 daAuts
     D:5: 554 daAuts
   Sewer: 534 daAuts
  Bailey: 509 daAuts
    D:10: 225 daAuts
